 Dungeon Crawl Stone Soup version 0.26-a0-415-g2a9615731a (webtiles) character file.

Game seed: 13664204338830270541

403 KristoblXynda the Slasher (level 6, -1/52 HPs)
             Began as a Draconian Warper on July 25, 2020.
             Killed by divine providence
             ... invoked by an orc priest
              (9 damage)
             ... on level 4 of the Dungeon.
             The game lasted 00:05:49 (5015 turns).

KristoblXynda the Slasher (Draconian Warper)        Turns: 5015, Time: 00:05:50

Health: -1/52      AC:  7    Str: 13    XL:     6   Next: 55%
Magic:  9/9        EV: 13    Int: 16    God:
Gold:   230        SH:  0    Dex: 10    Spells: 7/9 levels left

rFire    . . .     SeeInvis .   a - +0 falchion
rCold    . . .     Faith    .   (no shield)
rNeg     . . .     Spirit   .   (armour unavailable)
rPois    .         Reflect  .   (helmet restricted)
rElec    .         Harm     .   (no cloak)
rCorr    .                      n - +0 pair of gloves
MR       .....                  (no boots)
Stlth    +.........             (no amulet)
HPRegen  0.17/turn              (no ring)
MPRegen  0.11/turn              (no ring)

@: brilliant
A: unfitting armour, cold-blooded, AC +6
a: no special abilities


You were on level 4 of the Dungeon.
You visited 1 branch of the dungeon, and saw 4 of its levels.

You collected 230 gold pieces.

Inventory:

Hand Weapons
 a - a +0 falchion (weapon)
Missiles
 d - a boomerang of dispersal (quivered)
Armour
 n - a +0 pair of gloves (worn)
 r - a +0 buckler
Jewellery
 f - an uncursed ring of protection from magic {unknown}
Wands
 e - a wand of polymorph (3)
Scrolls
 b - 2 scrolls of immolation {unknown}
 c - 2 scrolls of blinking
 j - 3 scrolls of amnesia {unknown}
 k - 4 scrolls of remove curse
 p - 2 scrolls of magic mapping
 q - a scroll of teleportation
Potions
 g - 3 potions of cancellation
 h - a potion of brilliance
 i - a potion of mutation {unknown}
 l - a potion of heal wounds {unknown}
 o - a potion of flight {unknown}
 s - a potion of stabbing
 t - a potion of resistance


   Skills:
 + Level 4.2 Fighting
 * Level 5.1 Long Blades
 - Level 1.1 Throwing
 + Level 3.6 Dodging
 - Level 2.0 Spellcasting
 - Level 3.0 Translocations


You had 7 spell levels left.
You knew the following spells:

 Your Spells              Type           Power        Failure   Level
a - Blink                 Tloc           N/A          9%          2

Your spell library contained the following spells:

 Spells                   Type           Power        Failure   Level
 Gell's Gravitas          Tloc           ###.......   19%         3
 Lesser Beckoning         Tloc           ###.......   19%         3
 Teleport Other           Tloc           ###.....     19%         3
 Passage of Golubria      Tloc           N/A          52%         4


Dungeon Overview and Level Annotations

Branches:
Dungeon (4/15)             Temple (0/1) D:4

Altars:
Wu Jian


Innate Abilities, Weirdness & Mutations

Your plain brown scales are hard. (AC +6)
You cannot fit into any form of body armour.
You are cold-blooded and may be slowed by cold attacks.


Message History

The orc priest begins to cast a cantrip, but forgets the words!
The orc hits you but does no damage.
You hit the orc priest.
The orc priest is almost dead.
The orc priest barely misses you. The orc barely misses you.
You completely miss the orc priest.
Your tail-slap misses the orc priest.
The orc priest is almost dead.
The orc priest calls down the wrath of Beogh upon you.
Beogh smites you!
* * * LOW HITPOINT WARNING * * *
The orc hits you with a +0 club.
* * * LOW HITPOINT WARNING * * *
The orc priest misses you.
You hit the orc priest.
The orc priest is almost dead.
The orc hits you with a +0 club.
* * * LOW HITPOINT WARNING * * *
The orc priest calls down the wrath of Beogh upon you.
Beogh smites you!
You die...

,* *...$...******,*
.######.......*#..,,,*
......#.......*#.#****
****#.#.......*#.# #[#.$.....*#.#
#####o.>......*#.#
.....[.#######*#.# .##o###.#
#o### ...<# #o########@o.# **
.##.###.........##.###### *,
**#....##.##.##.#.....o.# *,
*,..(...#.##.##.#..####o# *,
,,...#.#..##.......####)######**,
*P...#.....####.#......oo.....#*,
####.###...####.#..#o##.#####.#*,
..#*#.*,#.......#..#....# *,**,
w{# **,*##.######.......# *,,,,


You could see an orc priest and an orc.

Vanquished Creatures
  A sky beast (D:3)
  Ijyb (D:4)
  4 orc wizards (D:4)
  A worker ant (D:4)
  3 gnolls (D:3)
  3 adders
  An ooze (D:1)
  A worm (D:2)
  3 dart slugs
  5 leopard geckos
  9 orcs
  A ball python (D:1)
  4 giant cockroaches
  10 goblins
  6 hobgoblins
  3 jackals (D:2)
  A quokka (D:2)
  6 bats
  5 frilled lizards
  4 kobolds
  6 rats
78 creatures vanquished.

Notes
Turn   | Place    | Note
-------+----------+-------------------------------------------
     0 | D:1      | KristoblXynda the Draconian Warper began the quest for the
                  | Orb.
     0 | D:1      | Reached XP level 1. HP: 17/17 MP: 3/3
    66 | D:1      | Reached skill level 1 in Throwing
    97 | D:1      | Reached XP level 2. HP: 13/25 MP: 5/5
   875 | D:1      | Reached XP level 3. HP: 27/30 MP: 6/6
  1608 | D:2      | Reached skill level 3 in Long Blades
  1898 | D:2      | Learned a level 2 spell: Blink
  2130 | D:2      | Reached XP level 4. HP: 23/38 MP: 7/7
  2321 | D:3      | Found an ornate altar of the Wu Jian Council.
  2390 | D:3      | Noticed a sky beast
  2401 | D:3      | Killed a sky beast
  2401 | D:3      | Reached skill level 4 in Long Blades
  2401 | D:3      | Reached XP level 5. HP: 29/45 MP: 8/8
  3616 | D:4      | Reached XP level 6. HP: 26/52 MP: 9/9
  4208 | D:4      | Noticed Ijyb
  4241 | D:4      | Killed Ijyb
  4241 | D:4      | Reached skill level 5 in Long Blades
  5015 | D:4      | Killed from afar by an orc priest

Illustrated notes

Levels and vault maps discovered:
D:1:      minmay_arrival_four_houses, layout_loops_ring
D:2:      layout_basic
D:3:      layout_rooms, nicolae_overflow_crystal_walls
D:4:      layout_loops_cross, minmay_temple_entry_gardened_gates, uniq_edmund,
          uniq_ijyb

Skill      XL: |  1  2  3  4  5  6 |
---------------+-------------------+-----
Throwing       | 1 |  1.1
Long Blades    | 3 4 5 |  5.1
Fighting       | 3 4 |  4.2
Dodging        | 3 |  3.6
Spellcasting   | |  2.0
Translocations | |  3.0

Action                   |  1- 3 |  4- 6 || total
-------------------------+-------+-------++-------
Melee: Falchion          |   134 |   185 ||   319
       Tailslap          |    14 |    19 ||    33
       Unarmed           |       |    25 ||    25
Throw: Boomerang         |       |     4 ||     4
  Use: Scroll            |       |    12 ||    12
       Potion            |       |     3 ||     3
Armor: Skin              |    30 |    59 ||    89
Dodge: Dodged            |   104 |   146 ||   250
       Rpst.: Falchion   |    28 |    42 ||    70

Table legend: (Time is in decaauts)
 A = Elapsed time spent in this place.
 B = Non-inter-level travel time spent in this place.
 C = Inter-level travel time spent in this place.
 D = Time resting spent in this place.
 E = Time spent auto-exploring this place.
 F = Levels seen in this place.
 G = Mean time per level.
                   A        B        C        D        E       F      G
               +--------+--------+--------+--------+--------+-----+--------+
         Total |   5053 |   4853 |    200 |   2289 |   1572 |   4 | 1263.2 |
       Dungeon |   5053 |   4853 |    200 |   2289 |   1572 |   4 | 1263.2 |
               +--------+--------+--------+--------+--------+-----+--------+

Top non-repeatable levels by time:
     D:3: 1483 daAuts
     D:2: 1297 daAuts
     D:1: 1296 daAuts
     D:4: 976 daAuts
